 Dungeon Crawl Stone Soup version 0.19.0-18-g426998a (webtiles) character file.

1160 MaximumFunGaming the Slasher (level 8, 0/106 (109) HPs)
             Began as a Hill Orc Berserker on Nov 12, 2016.
             Was a Believer of Trog.
             Slain by an orc warrior
             ... wielding a +0 glaive
              (15 damage)
             ... on level 7 of the Dungeon.
             The game lasted 00:19:15 (2378 turns).

MaximumFunGaming the Slasher (Hill Orc Berserker)   Turns: 2378, Time: 00:19:16

HP:   0/106 (109)   AC:  9    Str: 26    XL:     8   Next: 39%
MP:   8/8           EV:  9    Int:  7    God:    Trog [**....]
Gold: 151           SH:  0    Dex: 11    Spells: 0 memorised, 7 levels left

rFire  . . .     SeeInvis .     a - +0 falchion
rCold  . . .     Gourm    .     i - +0 chain mail
rNeg   . . .     Faith    .     (no shield)
rPois  .         Spirit   .     (no helmet)
rElec  .         Reflect  .     (no cloak)
rCorr  .         Harm     .     (no gloves)
MR     .....                    (no boots)
Stlth  ..........               g - amulet of regeneration
                                w - ring of stealth
                                x - +3 ring of slaying

@: berserking (expiring), very quick
A: regeneration 1
a: Berserk, Trog's Hand, Burn Spellbooks, Renounce Religion


You were on level 7 of the Dungeon.
You worshipped Trog.
Trog was pleased with you.
You were very hungry.

You visited 1 branch of the dungeon, and saw 7 of its levels.

You collected 151 gold pieces.

Inventory:

Hand Weapons
 a - a +0 falchion (weapon)
 v - a +0 falchion
Missiles
 e - 22 sling bullets
 h - 116 stones (quivered)
 o - 6 poisoned needles
Armour
 b - a +0 animal skin
 i - a +0 chain mail (worn)
Jewellery
 g - an amulet of regeneration (around neck)
 w - a ring of stealth (right hand)
 x - a +3 ring of slaying (left hand)
 y - an uncursed ring of protection from cold {unknown}
Scrolls
 j - 2 scrolls of blinking
 l - a scroll of immolation {unknown}
 m - 5 scrolls of remove curse
 n - 2 scrolls of fog {unknown}
 p - 2 scrolls of enchant armour {unknown}
 q - a scroll of enchant weapon {unknown}
 r - a scroll of recharging {unknown}
 s - a scroll of random uselessness {unknown}
 u - a scroll of teleportation
Potions
 d - 2 potions of curing
 t - a potion of heal wounds {unknown}
Comestibles
 c - 3 bread rations
 f - a meat ration
 k - 4 fruits
 z - a beef jerky
 A - 20 chunks of flesh


   Skills:
 * Level 7.1 Fighting
 + Level 7.6 Long Blades
 + Level 5.4 Armour
 + Level 2.3 Dodging
 + Level 0.8 Stealth


You had 7 spell levels left.
You didn't know any spells.

Dungeon Overview and Level Annotations

Branches:
Dungeon (7/15)             Temple (0/1) D:5

Altars:
Kikubaaqudgha
Qazlal


Innate Abilities, Weirdness & Mutations

Your natural rate of healing is unusually fast.


Message History

You kill the orc!
Trog accepts your kill. The orc wizard casts a spell at you.
The magic dart hits you!
* * * LOW HITPOINT WARNING * * *
You completely miss the orc wizard.
The orc warrior hits you but does no damage.
You slash the orc wizard!
The orc wizard is severely wounded.
The orc wizard closely misses you.
You hit the orc wizard.
You kill the orc wizard!
Trog accepts your kill.
Trog appreciates your killing of a magic user.
The orc warrior hits you from afar with a glaive!
* * * LOW HITPOINT WARNING * * *
You slash the orc warrior!
The orc warrior is heavily wounded.
The orc warrior hits you with a glaive!
You die...

#..... .. #...<# #..#....#
......... ... ....#...#
.....# ........# ......
.......o###......
..#...)@).#...........
........)............
..#.................#
##.##....##.#.....#
..##..#..(###.#.....# ..
#...#.#.#.# #.#.....# ....
+...#...#.###.#.....#
.....##...##..#.....#))...#
#.........#....#....#)....##


You could see an orc warrior.

Vanquished Creatures
  Prince Ribbit (D:5)
  A hungry ghost (D:4)
  An orc warrior (D:7)
  A necrophage (D:6)
  A black bear (D:7)
  An ice beast (D:6)
  An ogre (D:5)
  A bullfrog (D:6)
  A crimson imp (D:6)
  An orc priest (D:7)
  2 orc wizards (D:7)
  3 worker ants
  A hound skeleton (D:3)
  4 gnolls (D:5)
  3 adders
  An adder skeleton (D:6)
  2 worms (D:2)
  2 dart slugs
  8 orcs (D:7)
  A bat (D:2)
  3 giant cockroaches
  4 goblins
  2 hobgoblins
  6 jackals
  A quokka (D:6)
  A frilled lizard (D:3)
  A kobold (D:1)
  2 rats
57 creatures vanquished.

Vanquished Creatures (others)
  A human (D:2)
1 creature vanquished.

Grand Total: 58 creatures vanquished

Notes
Turn   | Place    | Note
-------+----------+-------------------------------------------
     0 | D:1      | MaximumFunGaming the Hill Orc Berserker began the quest for the Orb.
     0 | D:1      | Reached XP level 1. HP: 19/19 MP: 1/1
   175 | D:1      | Reached XP level 2. HP: 11/27 MP: 2/2
   813 | D:2      | Found an ancient bone altar of Kikubaaqudgha.
   814 | D:2      | Noticed a human
   816 | D:2      | Killed a human
  1097 | D:2      | Reached XP level 3. HP: 32/33 MP: 3/3
  1250 | D:4      | Noticed a hungry ghost
  1276 | D:4      | Killed a hungry ghost
  1276 | D:4      | Reached skill level 5 in Long Blades
  1276 | D:4      | Reached XP level 4. HP: 41/41 MP: 4/4
  1276 | D:4      | Reached XP level 5. HP: 47/47 MP: 5/5
  1340 | D:4      | Gained mutation: Your natural rate of healing is unusually fast. [potion of beneficial mutation]
  1390 | D:4      | Reached ** piety under Trog
  1494 | D:4      | Reached skill level 5 in Fighting
  1568 | D:5      | Entered Level 5 of the Dungeon
  1572 | D:5      | Noticed an ogre
  1575 | D:5      | Noticed Prince Ribbit
  1585 | D:5      | Killed an ogre
  1585 | D:5      | Reached XP level 6. HP: 29/56 MP: 6/6
  1598 | D:5      | Killed Prince Ribbit
  1598 | D:5      | Reached XP level 7. HP: 33/61 MP: 7/7
  1972 | D:6      | Noticed an air elemental
  1974 | D:6      | Found a stormy altar of Qazlal.
  1975 | D:6      | Noticed a water elemental
  1975 | D:6      | Noticed a fire elemental
  2217 | D:6      | Reached skill level 5 in Armour
  2217 | D:6      | Reached XP level 8. HP: 52/69 MP: 8/8
  2378 | D:7      | Slain by an orc warrior

Skill      XL: |  1  2  3  4  5  6  7  8 |
---------------+-------------------------+-----
Fighting       | 4 5 6 7 |  7.1
Long Blades    | 5 6 7 |  7.6
Armour         | 3 4 5 |  5.4
Dodging        | 2 |  2.3
Stealth        | |  0.8

Action                   |  1- 3 |  4- 6 |  7- 9 || total
-------------------------+-------+-------+-------++-------
Melee: Falchion          |   108 |    43 |   141 ||   292
Invok: Berserk           |     3 |     2 |     3 ||     8
       Trog's Hand       |       |       |     1 ||     1
  Use: Scroll            |     4 |     2 |     1 ||     7
       Potion            |     1 |     1 |       ||     2
  Eat: Meat ration       |     2 |       |       ||     2
       Bread ration      |     1 |       |       ||     1
       Chunk             |       |     5 |     4 ||     9
       Beef jerky        |       |       |     1 ||     1
Armor: Animal skin       |     4 |       |       ||     4
       Chain mail        |    53 |    18 |    95 ||   166
Dodge: Dodged            |    43 |    25 |    66 ||   134
       Rpst.: Falchion   |    20 |    11 |    21 ||    52
